Map: Deathaura LE

Players

Van (Vanya) - Winner!

  • Race: Zerg Zerg
  • League: Master
  • Spawn Location: 5:00

HellraiseR

  • Race: Protoss Protoss
  • League: Grandmaster
  • Spawn Location: 11:00

Event: DreamHack SC2 Masters 2020 Fall

VOD

Have the link to the VOD?

Description

Time

  • Played on: Sept. 5, 2020, 11:22 a.m.
  • Length: 10:59

All games in this series

Show
View Real Time Build Order
Export as new Build Order

Van Zerg - Winner!

Build Orders: Hatch First 

Get SALT Encoding   

  12  0:00  Drone  
  13  0:12  Overlord  
  13  0:16  Drone  
  14  0:30  Drone x2  
  16  0:46  Hatchery  
  15  0:50  Drone  
  15  0:53  Drone  
  15  0:56  Drone  
  18  1:08  Extractor  
  17  1:12  Spawning Pool  
  17  1:15  Drone  
  17  1:18  Drone  
  18  1:29  Drone  
  19  1:41  Hatchery  
  19  1:44  Drone  
  19  1:50  Drone  
  20  1:58  Queen  
  22  2:02  Drone  
  22  2:06  Drone  
  24  2:14  Queen  
  26  2:19  Overlord  
  26  2:23  Drone  
  26  2:26  Drone  
  28  2:30  Metabolic Boost  
  28  2:39  Drone x2  
  28  2:42  Queen  
  32  2:48  Overlord  
  32  2:50  Drone  
  33  2:52  Drone  
  33  2:54  Zergling x2  
  35  3:01  Queen  
  37  3:08  Overlord  
  37  3:10  Drone  
  38  3:17  Drone x5  
  43  3:21  Drone  
  43  3:22  Drone  
  45  3:27  Queen  
  45  3:30  Drone x2  
  49  3:37  Evolution Chamber  
  49  3:38  Drone, Spore Crawler  
  48  3:43  Drone x2, Overlord  
  50  3:51  Overlord  
  50  3:52  Overlord  
  50  4:01  Overlord  
  50  4:02  Drone x6  
  56  4:08  Zerg Melee Weapons Level 1  
  56  4:11  Drone x3  
  56  4:14  Drone x3  
  62  4:19  Extractor  
  62  4:20  Extractor  
  62  4:21  Drone x3  
  62  4:27  Lair  
  62  4:30  Spore Crawler  
  61  4:31  Spore Crawler  
  61  4:36  Drone x5  
  65  4:43  Zergling x12  
  71  4:49  Overlord  
  71  4:55  Zergling x6  
  71  4:56  Zergling x8  
  78  5:03  Overlord  
  78  5:05  Drone  
  78  5:06  Drone x2  
  81  5:08  Extractor x2  
  81  5:09  Roach Warren  
  81  5:10  Drone  
  81  5:11  Extractor  
  81  5:13  Drone  
  79  5:15  Drone x2  
  79  5:19  Drone x2  
  83  5:28  Spire, Hatchery  
  78  5:29  Drone x4  
  78  5:33  Zergling x6  
  80  5:39  Zergling x2  
  78  5:43  Zergling x2  
  78  5:44  Zergling x2  
  78  5:53  Zergling x8  
  80  6:00  Zergling x8  
  80  6:08  Drone x4  
  80  6:22  Drone  
  81  6:26  Drone x9  
  90  6:40  Glial Reconstitution  
  90  6:42  Roach x6  
  101  6:49  Overseer  
  101  6:50  Overlord  
  101  6:53  Corruptor  
  101  6:54  Corruptor  
  98  7:06  Overlord  
  98  7:07  Drone x3, Overlord  
  101  7:11  Corruptor x4  
  109  7:19  Overlord  
  108  7:22  Corruptor  
  108  7:28  Drone x6  
  108  7:29  Drone x4, Extractor  
  117  7:30  Extractor  
  117  7:33  Corruptor  
  117  7:37  Overlord  
  118  7:41  Zerg Flyer Armor Level 1  
  118  7:43  Corruptor  
  118  7:44  Corruptor  
  118  7:48  Overlord  
  122  7:55  Corruptor  
  122  7:56  Corruptor  
  123  7:59  Overlord  
  123  8:02  Drone x4  
  127  8:08  Drone, Corruptor  
  127  8:09  Overlord  
  127  8:11  Spore Crawler  
  129  8:16  Overlord  
  127  8:20  Corruptor x3  
  127  8:23  Hatchery  
  127  8:24  Overlord  
  130  8:29  Corruptor x2  
  134  8:35  Corruptor  
  134  8:37  Overlord  
  132  8:45  Corruptor x2  
  130  8:51  Corruptor x2  
  130  9:00  Zergling x26  
  143  9:03  Corruptor  
  145  9:14  Overlord  
  144  9:19  Corruptor x4  
  143  9:26  Overlord  
  143  9:29  Corruptor x3  
  145  9:32  Overlord  
  145  9:41  Roach x6  
  153  9:49  Overlord  
  153  9:50  Overlord  
  153  9:53  Roach x5  
  157  10:00  Overlord  
  157  10:02  Overlord  
  157  10:04  Roach  
  157  10:05  Roach x4  
  162  10:11  Roach x3  
  162  10:12  Roach x2  
  170  10:15  Roach x2  
  170  10:20  Roach x3  
  176  10:32  Zergling x16  
  179  10:37  Drone x4  
Show
View Real Time Build Order
Export as new Build Order

HellraiseR Protoss 

Build Orders: 1 Gate Expand, Oracle Opening 

Get SALT Encoding   

  12  0:00  Probe  
  13  0:12  Probe  
  14  0:18  Pylon  
  14  0:24  Probe (Chrono Boost)  
  15  0:37  Probe (Chrono Boost)  
  15  0:40  Gateway  
  16  0:44  Probe (Chrono Boost)  
  16  0:46  Assimilator  
  17  0:51  Probe  
  18  1:03  Probe  
  19  1:15  Probe  
  20  1:24  Nexus  
  20  1:33  Cybernetics Core  
  20  1:36  Probe  
  21  1:43  Assimilator  
  21  1:49  Probe  
  21  1:52  Pylon  
  22  2:01  Probe (Chrono Boost)  
  23  2:07  Adept (Chrono Boost)  
  23  2:13  Probe (Chrono Boost)  
  26  2:19  Stargate  
  26  2:22  Probe (Chrono Boost)  
  27  2:28  Probe (Chrono Boost)  
  28  2:30  Warp Gate  
  28  2:37  Probe (Chrono Boost)  
  28  2:39  Stalker  
  32  2:45  Probe (Chrono Boost)  
  32  2:47  Probe (Chrono Boost)  
  33  2:52  Probe x2 (Chrono Boost)  
  35  3:02  Void Ray (Chrono Boost)  
  35  3:03  Probe x2  
  41  3:15  Probe  
  41  3:17  Probe  
  43  3:22  Pylon  
  43  3:28  Probe  
  43  3:29  Probe  
  45  3:40  Probe  
  46  3:41  Pylon  
  46  3:42  Oracle (Chrono Boost), Assimilator, Gateway, Probe  
  46  3:43  Gateway  
  50  3:52  Probe  
  50  3:53  Assimilator  
  50  3:54  Probe  
  52  3:56  Gateway  
  52  3:58  Pylon  
  52  4:04  Probe  
  52  4:06  Probe  
  54  4:12  Oracle (Chrono Boost)  
  54  4:16  Probe  
  58  4:18  Probe  
  58  4:21  Adept  
  61  4:28  Probe  
  61  4:30  Probe  
  63  4:38  Adept  
  65  4:40  Probe  
  65  4:44  Adept  
  69  4:47  Pylon  
  69  4:49  Pylon  
  69  4:52  Adept  
  70  4:57  Nexus  
  70  5:03  Pylon  
  70  5:06  Adept x3  
  76  5:10  Pylon  
  76  5:13  Probe x2  
  78  5:15  Adept  
  80  5:24  Shield Battery  
  80  5:29  Probe  
  80  5:32  Stargate  
  80  5:34  Stargate, Probe  
  82  5:42  Adept x3  
  88  5:49  Adept  
  90  5:55  Phoenix (Chrono Boost)  
  88  5:58  Probe x2  
  80  6:10  Probe  
  81  6:12  Probe x2  
  81  6:16  Assimilator  
  81  6:17  Protoss Air Weapons Level 1  
  81  6:18  Assimilator  
  79  6:20  Phoenix (Chrono Boost)  
  79  6:21  Shield Battery  
  79  6:22  Probe  
  79  6:25  Phoenix (Chrono Boost)  
  84  6:27  Phoenix (Chrono Boost)  
  84  6:33  Shield Battery  
  84  6:34  Adept  
  84  6:35  Adept  
  84  6:36  Probe  
  84  6:37  Phoenix (Chrono Boost)  
  84  6:38  Phoenix (Chrono Boost)  
  91  6:44  Phoenix (Chrono Boost)  
  93  6:47  Adept  
  93  6:49  Probe x2  
  93  6:51  Probe  
  98  6:55  Pylon  
  98  7:01  Probe  
  95  7:02  Phoenix (Chrono Boost)  
  95  7:07  Phoenix (Chrono Boost)  
  95  7:08  Phoenix (Chrono Boost)  
  101  7:11  Pylon  
  101  7:17  Probe x2  
  101  7:20  Probe  
  101  7:22  Phoenix (Chrono Boost)  
  108  7:30  Phoenix (Chrono Boost)  
  108  7:33  Phoenix (Chrono Boost)  
  108  7:38  Pylon x3  
  108  7:42  Fleet Beacon  
  108  7:52  Phoenix  
  108  7:55  Phoenix  
  110  8:02  Phoenix  
  110  8:03  Forge  
  110  8:04  Twilight Council  
  110  8:07  Robotics Facility, Probe x2  
  110  8:09  Probe  
  113  8:17  Phoenix  
  113  8:20  Phoenix, Nexus  
  113  8:26  Pylon  
  113  8:27  Gateway  
  113  8:28  Zealot  
  113  8:29  Protoss Ground Weapons Level 1 (Chrono Boost)  
  113  8:32  Charge (Chrono Boost)  
  115  8:34  Gateway  
  115  8:38  Phoenix  
  115  8:40  Gateway  
  114  8:41  Probe  
  114  8:42  Gateway  
  112  8:56  Zealot  
  112  9:00  Gateway  
  112  9:01  Gateway  
  114  9:02  Gateway  
  114  9:06  Warp Prism (Chrono Boost)  
  114  9:08  Templar Archives  
  108  9:22  Zealot x2  
  110  9:29  Zealot  
  112  9:33  Gateway  
  112  9:35  Pylon  
  112  9:36  Stalker  
  114  9:44  Probe x3  
  114  9:45  Probe  
  112  9:48  Zealot x3  
  111  9:56  Probe x2  
  112  10:04  Zealot x4  
  112  10:05  Zealot  
  120  10:10  Zealot x3  
  124  10:21  Probe x2  
  120  10:29  High Templar x3  
  120  10:30  High Templar x3  
  120  10:31  Zealot x3  
  128  10:37  Archon x2  
  128  10:38  Archon  
  117  10:51  Zealot x3  

Tags
 
Add a new tag
Caveats
  • Supply blocks, unpowered buildings, or Contaminate may cause inaccurate times.
  • Supply counts are checked every 10 seconds.